 Seeded DCSS version 0.30.1 (webtiles) character file.

Game seed: 6351066067085065685 (custom seed)

23 Esekla the Grave Robber (level 2, 0/15 HPs)
             Began as a Deep Elf Necromancer on July 11, 2023.
             Was an Initiate of Vehumet.
             Slain by a quokka (2 damage)
             ... on level 1 of the Dungeon.
             The game lasted 00:04:52 (751 turns).

Esekla the Grave Robber (Deep Elf Necromancer)       Turns: 751, Time: 00:04:53

Health: 0/15       AC:  4    Str:  5    XL:     2   Next: 75%
Magic:  8/8        EV: 13    Int: 19    God:    Vehumet [......]
Gold:   61         SH:  0    Dex: 18    Spells: 6/7 levels left

rFire   . . .        c - +5 rapier of the Hero {heavy, rN+ Dex+3}
rCold   . . .        (no shield)
rNeg    + . .        a - +0 robe
rPois   .            j - +0 helmet
rElec   .            (no cloak)
rCorr   .            l - +0 pair of gloves
SInv    .            (no boots)
Will    .....        (no amulet)
Stlth   ++           (no ring)
HPRegen 0.22/turn    (no ring)
MPRegen 0.11/turn

%: no passive effects
@: no status effects
A: no striking features
a: Renounce Religion


You were on level 1 of the Dungeon.
You worshipped Vehumet.
Vehumet was noncommittal.
You visited 1 branch of the dungeon, and saw 4 of its levels.

You collected 61 gold pieces.

Inventory:

Hand Weapons
 c - the +5 rapier of the Hero (weapon) {heavy, rN+ Dex+3}
   (You found it on level 3 of the Dungeon)

   Dex:       It affects your dexterity (+3).
   rN:        It protects you from negative energy.
 g - a +0 dagger
Armour
 a - a +0 robe (worn)
 j - a +0 helmet (worn)
 l - a +0 pair of gloves (worn)
Wands
 o - a wand of roots (9)
Scrolls
 e - a scroll of fear {unknown}
 f - a scroll of identify {unknown}
 n - a scroll of immolation {unknown}
 p - a scroll of blinking {unknown}
Potions
 b - a potion of magic
 d - a potion of ambrosia {unknown}
 h - a potion of haste {unknown}
 i - a potion of mutation {unknown}
 k - a potion of curing {unknown}
 m - a potion of attraction {unknown}


   Skills:
 + Level 0.2 Short Blades
 * Level 2.8 Dodging
 + Level 2.6 Stealth
 * Level 3.3 Spellcasting
 + Level 5.3 Necromancy


You had 6 spell levels left.
You knew the following spells:

 Your Spells              Type           Power      Damage    Failure   Level
a - Necrotise             Necr           92%        1d8       1%          1

Your spell library contained the following spells:

 Spells                   Type           Power      Damage    Failure   Level
 Vampiric Draining        Necr           23%        2d7       4%          3
 Animate Dead             Necr           23%        N/A       16%         4
 Agony                    Necr           23%        N/A       41%         5


Dungeon Overview and Level Annotations

Branches:
Dungeon (4/15)
 Temple: D:4-7

Altars:
Okawaru
Vehumet
Zin

Shops:
D:2 =


Message History

The adder closely misses you. The adder bites you.
You miss the adder.
You feel sick. The adder bites you but does no damage.
The adder barely misses you.
You puncture the adder!
You kill the adder!
Vehumet accepts your kill.
You feel sick.
You feel sick.
You are no longer poisoned.
p - a scroll labelled LIXOR VONLAKI You start resting.
HP restored.
A gnoll comes into view. It is wielding a +0 flail.
The gnoll shouts!
Found a stone staircase leading up.
There is a stone staircase leading up here.
You climb upwards.
The ball python hisses angrily.
There is a stone staircase leading down here.
The bat hits you. The bat closely misses you.
You impale the bat!!
You kill the bat!
Vehumet accepts your kill.
You hit the quokka.
The quokka is severely wounded.
The quokka barely misses you. The quokka bites you.
The ball python closely misses you. The ball python grabs you.
The ball python constricts you.
You puncture the ball python!
You kill the ball python!
Vehumet accepts your kill. The quokka bites you. The quokka closely misses you.
You completely miss the quokka.
The quokka is severely wounded.
The quokka completely misses you. The quokka bites you.
The endoplasm freezes you.
You are frozen.
* * * LOW HITPOINT WARNING * * *
The quokka attacks as you move away! The quokka bites you.
You die...

### #.. ...# #.#
##..# #..## ....##
#... #....## #.
###.....# #####
....... #....
#...# #.... #@.#
#.... #rJ#
####+###.### #†.#
#........# #.>#
#.....†###
#..#.....##..#####
#........#........
...........#.#####
....#.###......##
##......
#.#.....###


You could see an endoplasm and a quokka.

Vanquished Creatures
  An adder (D:2)
  4 ball pythons (D:1)
  A goblin (D:2)
  2 hobgoblins (D:3)
  A bat (D:1)
  2 frilled lizards
  3 kobolds
14 creatures vanquished.

Notes
Turn   | Place    | Note
-------+----------+-------------------------------------------
     0 | D:1      | Esekla the Deep Elf Necromancer began the quest for the
                  | Orb.
     0 | D:1      | Reached XP level 1. HP: 10/10 MP: 6/6
   108 | D:1      | Reached skill level 5 in Necromancy
   280 | D:4      | Found an iron altar of Okawaru.
   342 | D:4      | Found a glowing silver altar of Zin.
   361 | D:4      | Found a radiant altar of Vehumet.
   365 | D:4      | Became a worshipper of Vehumet
   459 | D:3      | Reached XP level 2. HP: 15/15 MP: 8/8
   541 | D:3      | Identified the +5 rapier of the Hero {heavy, rN+ Dex+3}
   617 | D:2      | Found Renulab's Jewellery Shop.
   751 | D:1      | Slain by a quokka

Illustrated notes

Levels and vault maps discovered:
D:1:      sevenhm_arrival_forest_fort_small_3, layout_rooms,
          chequers_serial_rivers_room_b, minmay_misc_feat_five
D:2:      layout_loops_ring, dreamdust_ecumenical_altar_angels_and_demons,
          serial_shops, shop
D:3:      layout_basic, grunt_temple_overflow_open, minmay_misc_feat_iff
D:4:      layout_basic, nicolae_overflow_quartered_altars, serial_shops,
          nicolae_diamond_shop

Skill      XL: |  1 |
---------------+----+-----
Necromancy     | 5 |  5.3
Short Blades   | |  0.2
Dodging        | |  2.8
Stealth        | |  2.6
Spellcasting   | |  3.3

Action                     || total
---------------------------++-------
  Melee: Short sword       ||    11
         Unarmed           ||     6
         Dagger            ||     5
         Punch             ||     1
         Rapier            ||     9
   Stab: Sleeping          ||     2
         Distracted        ||     1
 Armour: Robe              ||     5
  Dodge: Dodged            ||    17
